 Dungeon Crawl Stone Soup version 0.17-a0-1545-gc1bb672 (webtiles) character file.

2541 nubinia the Firebug (level 9, -1/75 HPs)
             Began as a Naga Fire Elementalist on July 18, 2015.
             Was a Follower of Vehumet.
             Slain by a centaur (7 damage)
             ... on level 7 of the Dungeon.
             The game lasted 00:52:18 (8728 turns).

nubinia the Firebug (Naga Fire Elementalist)        Turns: 8728, Time: 00:52:18

Health: -1/75      AC: 10    Str: 12    XL:     9   Next: 55%
Magic:  8/16       EV: 11    Int: 18    God:    Vehumet [*.....]
Gold:   403        SH:  0    Dex: 11    Spells: 5 memorised, 6 levels left

rFire  . . .     SeeInvis +     i - +2 scythe (flame)
rCold  . . .     Clarity  .     B - +2 leather armour {MR+}
rNeg   . . .     SustAt   +     (no shield)
rPois  +         Gourm    +     (no helmet)
rElec  .         Spirit   .     E - +0 cloak
rCorr  .         Warding  .     (no gloves)
rMut   .         Stasis   .     (no barding)
MR     ++...                    F - amulet of the gourmand
Stlth  +++.......               n - ring of sustain attributes
                                s - +3 ring of protection

@: very slow, very resistant to hostile enchantments, fairly stealthy
A: see invisible, deformed body, poison resistance, slowness 2, slow metabolism
1, spit poison 2, AC +3
a: Spit Poison, Renounce Religion


You were on level 7 of the Dungeon.
You worshipped Vehumet.
Vehumet was aware of your devotion.
You were hungry.

You visited 2 branches of the dungeon, and saw 8 of its levels.
You also visited: Bailey.

You collected 403 gold pieces.

Inventory:

Hand weapons
 i - a +2 scythe of flaming (weapon)
 t - a +0 hammer of holy wrath
 A - a +2 short sword of freezing
Missiles
 G - 162 stones (quivered)
Armour
 a - a +1 robe
 B - a +2 leather armour of magic resistance (worn)
 E - a +0 cloak (worn)
 H - the +1 robe of Fylaleut {Str+3, unknown}
   (You took it off a centaur on level 5 of the Dungeon)

   It affects your strength (+3).
Jewellery
 d - an uncursed amulet of guardian spirit
 k - an uncursed amulet of rage
 n - a ring of sustain attributes (right hand)
 o - an uncursed ring of protection from fire {unknown}
 s - a +3 ring of protection (left hand)
 w - a +5 ring of protection
 x - a +3 ring of strength {unknown}
 F - an amulet of the gourmand (around neck)
Magical devices
 C - a wand of frost (36)
Scrolls
 q - 2 scrolls of enchant armour
 y - a scroll of noise
 D - a scroll of identify
Potions
 e - 3 potions of curing
 h - a potion of cure mutation
 p - a potion of flight
 r - 2 potions of brilliance
Books
 b - a book of Flames

   Spells                             Type                      Level
   a - Flame Tongue                   Conjuration/Fire             1
   b - Throw Flame                    Conjuration/Fire             2
   c - Conjure Flame                  Conjuration/Fire             3
   d - Inner Flame                    Hexes/Fire                   3
   e - Sticky Flame                   Conjuration/Fire             4
   f - Fireball                       Conjuration/Fire             5
 v - a book of Death

   Spells                             Type                      Level
   a - Corpse Rot                     Necromancy                   2
   b - Sublimation of Blood           Necromancy                   2
   c - Agony                          Necromancy                   5
   d - Dispel Undead                  Necromancy                   5
   e - Excruciating Wounds            Charms/Necromancy            5
   f - Bolt of Draining               Conjuration/Necromancy       5
Comestibles
 c - 6 bread rations
 g - 2 beef jerkies
 j - 2 fruits
 l - 2 meat rations


   Skills:
 + Level 3.1 Fighting
 + Level 1.0 Short Blades
 + Level 2.6 Polearms
 + Level 2.7 Armour
 + Level 5.1 Dodging
 + Level 5.3 Stealth
 + Level 4.9 Spellcasting
 + Level 3.6 Conjurations
 + Level 6.3 Fire Magic
 * Level 3.0 Earth Magic


You had 6 spell levels left.
You knew the following spells:

 Your Spells              Type           Power        Failure   Level  Hunger
a - Flame Tongue          Conj/Fire      ###..        2%          1    None
b - Throw Flame           Conj/Fire      ###...       3%          2    #......
c - Conjure Flame         Conj/Fire      ###.....     10%         3    ###....
d - Sandblast             Erth           ###...       6%          1    None
e - Sticky Flame          Conj/Fire      ###.....     24%         4    ####...


Dungeon Overview and Level Annotations

Branches:
Dungeon (7/15)             Temple (1/1) D:6

Altars:
Elyvilon
Gozag
Makhleb
Nemelex Xobeh
Okawaru
Ru
Vehumet
Xom
Zin
The Shining One

Shops:
D:4 %   D:5 }


Innate Abilities, Weirdness & Mutations

You cannot wear boots.
Your serpentine skin is tough (AC +3).
You have supernaturally acute eyesight.
Armour fits poorly on your strangely shaped body.
Your system is resistant to poisons.
You cover ground very slowly.
You have a slow metabolism.
You can spit poison.


Message History

The centaur hits you but does no damage.
The goblin hits you with a dagger. The centaur hits you!
* * * LOW HITPOINT WARNING * * *
The goblin hits you but does no damage.
All of the chunks of flesh in your inventory have rotted away.
You hit the centaur. You burn the centaur.
The centaur is almost dead.
The centaur misses you. x2
The goblin hits you but does no damage. The centaur barely misses you.
You barely miss the centaur.
The centaur is almost dead.
The centaur barely misses you. The goblin barely misses you.
The centaur hits you but does no damage.
The goblin hits you but does no damage. The centaur barely misses you.
You barely miss the centaur.
The centaur is almost dead.
The centaur hits you!
* * * LOW HITPOINT WARNING * * *
The goblin hits you but does no damage. The centaur hits you!
You die...

≈≈≈≈≈[........#
.≈≈≈..........##
...............## #...
####............## #....
##............## ...#
##............##..#
#..<............#
#..........>c...##
#..........@g....##
##.....♣...........##
#...................###
#......♣.♣.............#
.........................
.........♣...............
#........................
####<...................
##...................


You could see a centaur and a goblin.

Vanquished Creatures
  Sigmund (D:2)
  A hungry ghost (D:7)
  Edmund (D:6)
  3 ice beasts
  An orc warrior (D:7)
  A sky beast (D:6)
  6 centaurs
  2 phantoms
  2 scorpions
  An electric eel (D:7)
  A giant frog zombie (D:6)
  2 orc priests
  A crimson imp (D:5)
  A jelly (D:6)
  6 orc wizards
  2 hounds
  Crazy Yiuf (D:4)
  2 iguanas
  A wasp zombie (D:5)
  2 worker ants (D:5)
  9 adders
  4 gnolls (D:4)
  An ooze (D:6)
  An adder skeleton (D:6)
  5 worms
  2 giant geckos
  41 orcs
  A ball python (D:1)
  A bat skeleton (D:6)
  16 goblins
  13 hobgoblins
  5 quokkas
  8 bats
  A giant cockroach (D:1)
  2 giant gecko skeletons
  4 giant newts
  21 kobolds
  10 rats
183 creatures vanquished.

Notes
Turn   | Place    | Note
--------------------------------------------------------------
     0 | D:1      | nubinia the Naga Fire Elementalist began the quest for the Orb.
     0 | D:1      | Reached XP level 1. HP: 15/15 MP: 3/3
   211 | D:1      | Reached XP level 2. HP: 22/22 MP: 3/5
   218 | D:1      | Learned a level 2 spell: Throw Flame
   739 | D:2      | Reached XP level 3. HP: 28/28 MP: 3/6
   744 | D:2      | Learned a level 3 spell: Conjure Flame
   892 | D:2      | Found a glowing golden altar of the Shining One.
   893 | D:2      | Found an opulent altar of Gozag.
   896 | D:2      | Found a burning altar of Makhleb.
   897 | D:2      | Found a sacrificial altar of Ru.
  1158 | D:2      | Noticed Sigmund
  1385 | D:2      | Killed Sigmund
  1385 | D:2      | Reached skill level 4 in Fire Magic
  1385 | D:2      | Reached XP level 4. HP: 28/36 MP: 0/8
  1385 | D:2      | Reached XP level 5. HP: 32/42 MP: 0/9
  1764 | D:3      | Reached skill level 5 in Fire Magic
  1764 | D:3      | Reached XP level 6. HP: 45/49 MP: 6/10
  3435 | D:4      | Reached skill level 1 in Fighting
  3435 | D:4      | Reached XP level 7. HP: 30/57 MP: 1/11
  3718 | D:4      | Found Wiucsi's Food Shoppe.
  3839 | D:5      | Entered Level 5 of the Dungeon
  3901 | D:6      | Reached skill level 1 in Polearms
  3919 | D:6      | Noticed Edmund
  4020 | D:6      | Killed Edmund
  4560 | D:6      | Found a staircase to the Ecumenical Temple.
  4565 | Temple   | Entered the Ecumenical Temple
  4574 | Temple   | Became a worshipper of Vehumet
  4720 | D:6      | Reached skill level 5 in Stealth
  5317 | D:6      | Reached XP level 8. HP: 40/67 MP: 8/13
  5858 | D:5      | Reached skill level 6 in Fire Magic
  6329 | D:4      | Reached skill level 1 in Armour
  6551 | D:4      | Noticed Crazy Yiuf
  6560 | D:4      | Killed Crazy Yiuf
  6679 | D:4      | Found a glowing silver altar of Zin.
  6680 | D:4      | Noticed an angel
  7046 | D:5      | Acquired Vehumet's first power
  7046 | D:5      | Offered knowledge of Sandblast by Vehumet.
  7057 | D:5      | Learned a level 1 spell: Sandblast
  7474 | D:4      | Learned a level 4 spell: Sticky Flame
  7558 | D:5      | Found Yfinaf's Gadget Emporium.
  7564 | D:5      | Reached XP level 9. HP: 51/74 MP: 15/15
  7567 | D:5      | Reached skill level 1 in Earth Magic
  7569 | D:5      | Got an ichor-stained robe
  7574 | D:5      | Reached skill level 1 in Short Blades
  7970 | D:7      | Found a flagged portal.
  8013 | Bailey   | Entered a bailey
  8131 | Bailey   | Reached skill level 5 in Dodging
  8693 | D:7      | Found Deyn's Weapon Boutique.
  8728 | D:7      | Slain by a centaur

Vault maps used:
D:1:      dpeg_arrival_rhombus
D:2:      minitemple, uniq_sigmund
D:3:      minmay_misc_feat_square, minmay_misc_feat_secret_circle,
          minmay_misc_feat_nine_boxes
D:4:      zin_angel, serial_shops, nicolae_shop_crystal, uniq_crazy_yiuf_cottage
D:5:      serial_shops, shop, first_bread
D:6:      nicolae_whirlpool, temple_statues, uniq_edmund
D:7:      lemuel_ratsnest, trog_eyes_of_draining, serial_shops,
          nicolae_shop_trees, enter_bailey_3, kennysheep_boxes
Temple:   circular_temple_12
Bailey:   bailey_axe_3, bailey

Action                   |  1- 3 |  4- 6 |  7- 9 || total
-------------------------+-------+-------+-------++-------
Melee: Unarmed           |     2 |       |       ||     2
       Scythe            |       |    78 |   122 ||   200
       Hammer            |       |       |    11 ||    11
       Short sword       |       |       |    36 ||    36
 Cast: Flame Tongue      |    23 |    31 |   101 ||   155
       Throw Flame       |     5 |     8 |    48 ||    61
       Conjure Flame     |     1 |     2 |       ||     3
 Abil: Spit Poison       |    29 |    34 |    40 ||   103
  Use: Scroll            |     3 |     2 |    10 ||    15
       Potion            |     5 |     3 |     3 ||    11
 Stab: Sleeping          |       |     3 |     1 ||     4
       Distracted        |       |     1 |       ||     1
  Eat: Chunk             |     3 |     9 |    16 ||    28
       Pizza             |       |       |     1 ||     1
